 Dungeon Crawl Stone Soup version 0.29-a0-521-g59ce8b2d47 (webtiles) character file.

Game seed: 15183379292243044747

106 Nedwor the Skirmisher (level 4, 41/41 HPs)
             Began as a Minotaur Fighter on June 1, 2022.
             Quit the game on level 4 of the Dungeon.
             The game lasted 00:03:39 (2586 turns).

Nedwor the Skirmisher (Minotaur Fighter)            Turns: 2586, Time: 00:03:39

Health: 41/41      AC:  9    Str: 23    XL:     4   Next: 55%
Magic:  3/3        EV:  7    Int:  5    God:
Gold:   248        SH:  4    Dex:  9    Spells: 3/3 levels left

rFire   . . .      SeeInvis .   t - +0 mace (protect)
rCold   . . .      Faith    .   c - +0 buckler
rNeg    . . .      Spirit   .   i - +0 chain mail
rPois   +          Reflect  .   (helmet restricted)
rElec   .          Harm     .   (no cloak)
rCorr   .          Rampage  .   (no gloves)
Will    .....                   (no boots)
Stlth   ..........              (no amulet)
HPRegen 0.13/turn               h - ring of poison resistance
MPRegen 0.08/turn               e - ring of flight

@: flying
A: horns 2, retaliatory headbutt
a: no special abilities


You were on level 4 of the Dungeon.
You visited 2 branches of the dungeon, and saw 5 of its levels.

You collected 248 gold pieces.

Inventory:

Hand Weapons
 t - a +0 mace of protection (weapon)
Missiles
 q - a throwing net (quivered)
Armour
 c - a +0 buckler (worn)
 i - a +0 chain mail (worn)
Jewellery
 e - a ring of flight (right hand)
 h - a ring of poison resistance (left hand)
Scrolls
 k - a scroll of amnesia {unknown}
 m - 2 scrolls of blinking {unknown}
 p - 3 scrolls of identify {unknown}
 r - a scroll of magic mapping {unknown}
 s - a scroll of fog {unknown}
Potions
 b - 2 potions of lignification {unknown}
 d - a potion of might
 f - 2 potions of heal wounds {unknown}
 g - 7 potions of curing {unknown}
 j - 2 potions of degeneration {unknown}
 l - a potion of mutation {unknown}
 n - 2 potions of haste {unknown}
 o - a potion of brilliance {unknown}


   Skills:
 + Level 4.5 Fighting
 * Level 4.5 Maces & Flails
 - Level 3.6 Armour
 + Level 4.4 Shields


You had 3 spell levels left.
You didn't know any spells.
Your spell library was empty.

Dungeon Overview and Level Annotations

Branches:
Dungeon (4/15)             Temple (1/1) D:4

Altars:
Ashenzari
Dithmenos
Fedhas
Gozag
Hepliaklqana
Kikubaaqudgha
Makhleb
Nemelex Xobeh
Okawaru
Ru
Sif Muna
Trog
Uskayaw
Wu Jian
Xom
Zin
Jiyva


Innate Abilities, Weirdness & Mutations

You have a pair of horns on your head.
You reflexively headbutt those who attack you in melee.


Message History

g - 7 orange potions (gained 1)
Found a spear.
Found a stone staircase leading down.
Found 23 stones.
Sorry, I don't know how to get there.
Found an ancient bone altar of Kikubaaqudgha.
Found a blossoming altar of Fedhas.
A ball python comes into view.
The ball python hisses angrily.
You sock the ball python!
Your weapon exudes an aura of protection.
You kill the ball python!
Found a quarterstaff.
Found 7 gold pieces.
There is a staircase to the Ecumenical Temple here.
You fly downwards.
Welcome to the Ecumenical Temple!
Found four altars.
There is a staircase back to the Dungeon here.
Found a burning altar of Makhleb and a broken altar of Ashenzari.
There is a staircase back to the Dungeon here.
There is a viscous altar of Jiyva here.
Found an iron altar of Okawaru and a viscous altar of Jiyva.
Found a hazy altar of Hepliaklqana and a viscous altar of Jiyva.
Found a sacrificial altar of Ru.
There is a staircase back to the Dungeon here.
Found an ornate altar of the Wu Jian Council and a shimmering altar of Xom.
Found a shimmering blue altar of Sif Muna.
There is a staircase back to the Dungeon here.
There is a sacrificial altar of Ru here.
You are splashed with acid!
There is a sacrificial altar of Ru here.
There is a staircase back to the Dungeon here.
You fly upwards.
Welcome back to the Dungeon!
There is a staircase to the Ecumenical Temple here.
HP restored.
You now have 236 gold pieces (gained 7).
You now have 248 gold pieces (gained 12).
You see here a +0 spear.
Found a stone staircase leading up.
Are you sure you want to abandon this character and quit the game? (Confirm with "yes".)

####....# ........# #..
........# #..#
........# #(.#
........# #..##
.......## ###...###
........###.......###
...................<#
...........#....@##
......#888#.......#
......8...8...)...##
......8.>.8........# .
......8...8........#.)
.....##8.8#...........
<..).##..#............
....###.##.....>.......
...###.####............


There were no monsters in sight!

Vanquished Creatures
  5 adders
  3 worms
  3 orcs (D:3)
  4 bats
  3 endoplasms
  4 giant cockroaches
  5 hobgoblins
  5 kobolds
  3 quokkas
  3 ball pythons
  2 frilled lizards
  9 rats
49 creatures vanquished.

Notes
Turn   | Place    | Note
-------+----------+-------------------------------------------
     0 | D:1      | Nedwor the Minotaur Fighter began the quest for the Orb.
     0 | D:1      | Reached XP level 1. HP: 19/19 MP: 0/0
   268 | D:1      | Found a faded altar of an unknown god.
   347 | D:1      | Reached XP level 2. HP: 27/27 MP: 1/1
  1148 | D:2      | Reached XP level 3. HP: 33/33 MP: 2/2
  1476 | D:2      | Reached XP level 4. HP: 41/41 MP: 3/3
  1879 | D:3      | Found a shadowy altar of Dithmenos.
  1931 | D:3      | Found a glowing silver altar of Zin.
  2206 | D:3      | Found a sparkling altar of Nemelex Xobeh.
  2296 | D:4      | Found a staircase to the Ecumenical Temple.
  2328 | D:4      | Found an ancient bone altar of Kikubaaqudgha.
  2332 | D:4      | Found a blossoming altar of Fedhas.
  2398 | Temple   | Entered the Ecumenical Temple
  2586 | D:4      | Quit the game

Illustrated notes

Levels and vault maps discovered:
D:1:      amcnicky_arrival_blooded_trapdoor, layout_loops_ring,
          ebering_ecumenical_altar_ruins
D:2:      layout_loops_ring
D:3:      layout_rooms, general_overflow_altar, mainiacjoe_overflow_big_doors
D:4:      layout_cave_pods, grunt_temple_overflow_growth_and_decay,
          minmay_temple_entry_statues, uniq_crazy_yiuf_cottage
Temple:   pf_slimified_temple

Skill      XL: |  1  2  3 |
---------------+----------+-----
Maces & Flails | 3 4 |  4.5
Shields        | 4 |  4.4
Fighting       | 4 |  4.5
Armour         | |  3.6

Action                   |  1- 3 |  4- 6 || total
-------------------------+-------+-------++-------
Melee: Flail             |   103 |    34 ||   137
       Headbutt          |    10 |     3 ||    13
       Mace              |       |     6 ||     6
Armor: Scale mail        |     5 |       ||     5
       Chain mail        |    59 |    13 ||    72
Dodge: Dodged            |    39 |    12 ||    51
Block: Buckler           |    29 |    11 ||    40

Table legend: (Time is in decaauts)
 A = Elapsed time spent in this place.
 B = Non-inter-level travel time spent in this place.
 C = Inter-level travel time spent in this place.
 D = Time resting spent in this place.
 E = Time spent auto-exploring this place.
 F = Levels seen in this place.
 G = Mean time per level.
                   A        B        C        D        E       F      G
               +--------+--------+--------+--------+--------+-----+--------+
         Total |   2621 |   2507 |    114 |      0 |   1927 |   5 |  524.2 |
       Dungeon |   2511 |   2397 |    114 |      0 |   1927 |   4 |  627.8 |
        Temple |    110 |    110 |      0 |      0 |      0 |   1 |  110.0 |
               +--------+--------+--------+--------+--------+-----+--------+

Top non-repeatable levels by time:
     D:1: 1000 daAuts
     D:2: 767 daAuts
     D:3: 534 daAuts
     D:4: 208 daAuts
  Temple: 110 daAuts
